 Dungeon Crawl Stone Soup version 0.24.1 (webtiles) character file.

Game seed: 5844578425994318932, levelgen mode: deterministic

21 Kaiern the Caller (level 3, -5/25 HPs)
             Began as a Human Summoner on Mar 28, 2020.
             Slain by a gnoll
             ... wielding a +0 spear
              (8 damage)
             ... on level 1 of the Dungeon.
             The game lasted 00:06:06 (1537 turns).

Kaiern the Caller (Human Summoner)                  Turns: 1537, Time: 00:06:07

Health: -5/25      AC:  2    Str:  9    XL:     3   Next: 2%
Magic:  4/6        EV: 12    Int: 15    God:
Gold:   102        SH:  0    Dex: 13    Spells: 3/6 levels left

rFire    . . .     SeeInvis .   l - +0 mace
rCold    . . .     Gourm    .   (no shield)
rNeg     . . .     Faith    .   a - +0 robe
rPois    .         Spirit   .   (no helmet)
rElec    .         Reflect  .   (no cloak)
rCorr    .         Harm     .   (no gloves)
MR       .....                  (no boots)
Stlth    ++........             (no amulet)
HPRegen  0.08/turn              (no ring)
MPRegen  0.10/turn              (no ring)

@: no status effects
A: no striking features
a: no special abilities


You were on level 1 of the Dungeon.
You were not hungry.

You visited 1 branch of the dungeon, and saw 2 of its levels.

You collected 102 gold pieces.

Inventory:

Hand Weapons
 j - a +0 antimagic short sword
 l - a +0 mace (weapon)
Armour
 a - a +0 robe (worn)
Jewellery
 e - an uncursed amulet of rage {unknown}
Scrolls
 b - a scroll of random uselessness {unknown}
 d - 2 scrolls of noise {unknown}
 f - a scroll of teleportation {unknown}
Potions
 h - a potion of agility {unknown}
 i - a potion of mutation {unknown}
 k - a potion of flight {unknown}
Comestibles
 c - a ration


   Skills:
 + Level 0.6 Fighting
 + Level 2.3 Dodging
 - Level 2.0 Stealth
 + Level 2.2 Spellcasting
 + Level 4.2 Summonings


You had 3 spell levels left.
You knew the following spells:

 Your Spells              Type           Power        Failure   Level  Hunger
a - Summon Small Mammal   Summ           ##..         3%          1    #......
b - Call Imp              Summ           ##......     5%          2    ###....

Your spell library contained the following spells:

 Spells                   Type           Power        Failure   Level  Hunger
 Call Canine Familiar     Summ           ##......     11%         3    ###....
 Summon Guardian Golem    Hex/Summ       #.......     26%         3    ###....
 Summon Ice Beast         Ice/Summ       #.......     65%         4    #####..
 Summon Lightning Spire   Summ/Air       #.......     65%         4    #####..


Dungeon Overview and Level Annotations

Branches:
Dungeon (2/15)

Altars:


Message History

There is a stone staircase leading down here.
The gnoll hits you from afar with a +0 spear.
* * * LOW HITPOINT WARNING * * *
Casting: Call Imp (safe; 5% risk of failure)
Confirm with . or Enter, or press ? or * to list all spells.
A beastly little devil appears in a puff of flame.
The gnoll hits you from afar with a +0 spear!
* * * LOW HITPOINT WARNING * * *
Your crimson imp blinks!
Your crimson imp blinks!
The gnoll misses you.
All of the chunks of flesh in your inventory have rotted away.
You see here 22 stones.
You open the door.
There is an open door here.
Casting: Call Imp (safe; 5% risk of failure)
Confirm with . or Enter, or press ? or * to list all spells.
A beastly little devil appears in a puff of frigid air.
The gnoll hits you from afar with a +0 spear!
You die...

#.#.#........# #.# #.#.#
#.#.#........# #.# #.#.#
#.#.#........# #.# #.#.# ####
###'#'#........#####.# #.#.# ...#
#..............'(....# #.#.# .#.#
#..............####5.# #.#.# .#.#
#............g..# #..# #.... .#.#
#.........#..5..# #..# #.#.#
.#.#####+###...#@....# #..# ###.#
.#..# #># ##.....#### #5.# #.#
.#..# #.####.....# #..# #.# ....#
#..........# #..#####.# ..>.#
#.......#########..##....#
.#.#####..........5.......##.####
.......#........#########.##.#
...###.#...>...#### #....#.#
#..........(......# #.#..#.#


You could see a gnoll and a friendly white imp.

Vanquished Creatures
  A dart slug (D:1)
  A giant cockroach (D:1)
  A goblin (D:2)
  A hobgoblin (D:1)
  A ball python (D:1)
  A frilled lizard (D:2)
  A rat (D:1)
7 creatures vanquished.

Vanquished Creatures (collateral kills)
  An adder (D:1)
  A goblin (D:2)
  3 hobgoblins (D:1)
  3 jackals
  3 bats
  A frilled lizard (D:1)
12 creatures vanquished.

Grand Total: 19 creatures vanquished

Notes
Turn   | Place    | Note
-------+----------+-------------------------------------------
     0 | D:1      | Kaiern the Human Summoner began the quest for the Orb.
     0 | D:1      | Reached XP level 1. HP: 13/13 MP: 3/3
   481 | D:1      | Reached XP level 2. HP: 16/19 MP: 1/5
   523 | D:1      | Learned a level 2 spell: Call Imp
  1368 | D:1      | Reached XP level 3. HP: 14/25 MP: 1/6
  1509 | D:1      | HP: 1/25 [gnoll/+0 spear (7)]
  1537 | D:1      | Slain by a gnoll

Levels and vault maps discovered:
D:1:      lightli_arrival_boilingwater, layout_basic, minivault_25
D:2:      layout_loops_ring, serial_undead, serial_undead_d, serial_undead_f,
          serial_undead_f, serial_undead_f, serial_undead_f, serial_undead_b

Action                   || total
-------------------------++-------
Melee: Club              ||    13
       Unarmed           ||     2
       Mace              ||    37
 Cast: Summon Small Mamm ||    18
       Call Imp          ||     7
 Stab: Sleeping          ||     1
  Eat: Chunk             ||     3
Armor: Robe              ||    10
Dodge: Dodged            ||    45
